 Dungeon Crawl Stone Soup version 0.30-a0-174-gbc10bd73c2 (webtiles) character file.

Game seed: 16043917824474305388

19596 qw the Cleaver (level 12, -5/77 HPs)
             Began as a Gargoyle Fighter on Oct 1, 2022.
             Was an Elder of Okawaru.
             Slain by a cane toad (10 damage)
             ... on level 3 of the Lair of Beasts.
             The game lasted 00:04:53 (11428 turns).

qw the Cleaver (Gargoyle Fighter)                  Turns: 11428, Time: 00:04:54

Health: -5/77      AC: 33    Str: 24    XL:     12   Next: 70%
Magic:  17/18      EV: 15    Int: 10    God:    Okawaru [****..]
Gold:   756        SH: 14    Dex: 15    Spells: 11/11 levels left

rFire   + . .      SeeInvis .    k - +2 war axe (elec)
rCold   . . .      Faith    .    l - +2 buckler
rNeg    + . .      Spirit   .    o - +0 plate armour {rF+}
rPois   inf        Reflect  +    e - +0 helmet
rElec   +          Harm     .    h - +1 cloak
rCorr   .          Rampage  .    n - +0 pair of gloves
Will    .....                    q - +0 pair of boots
Stlth   ..........               u - amulet of reflection
HPRegen 0.32/turn                m - +4 ring of evasion
MPRegen 0.16/turn                c - +6 ring of dexterity

@: heroic, slowed, very slow
A: sickness immunity, AC +8, negative energy resistance 1, electricity
resistance, torment resistance 1, petrification resistance
a: Renounce Religion, Heroism, Finesse


You were on level 3 of the Lair of Beasts.
You worshipped Okawaru.
Okawaru was greatly pleased with you.
You visited 3 branches of the dungeon, and saw 13 of its levels.

You collected 756 gold pieces.


Innate Abilities, Weirdness & Mutations

You are immune to sickness and miasma.
Your stone body is resilient. (AC +8)
You are immune to poison.
You resist negative energy. (rN+)
You are resistant to electric shocks. (rElec)
You are resistant to unholy torment.
You are immune to petrification.


   Skills:
 - Level 10.0(15.0) Fighting
 + Level 12.0(17.0) Axes
 - Level 3.3(8.3) Throwing
 - Level 10.0(15.0) Armour
 - Level 3.0(8.0) Dodging
 - Level 6.0(11.0) Shields
 + Level 9.1 Invocations


You had 11 spell levels left.
You didn't know any spells.
Your spell library was empty.

Inventory:

Hand Weapons
 i - a +0 flail
 k - a +2 war axe of electrocution (weapon)
Missiles
 f - 9 boomerangs (quivered)
 t - 2 javelins
Armour
 e - a +0 helmet (worn)
 h - a +1 cloak (worn)
 l - a +2 buckler (worn)
 n - a +0 pair of gloves (worn)
 o - a +0 plate armour of fire resistance (worn)
 q - a +0 pair of boots (worn)
Jewellery
 c - a +6 ring of dexterity (right hand)
 j - a ring of fire
 m - a +4 ring of evasion (left hand)
 u - an amulet of reflection (around neck)
 Y - a ring of protection from fire
Scrolls
 a - 6 scrolls of identify
Potions
 b - a potion of cancellation
 d - 5 potions of might
 g - a potion of resistance
 p - 3 potions of mutation
 s - 2 potions of haste

Dungeon Overview and Level Annotations

Branches:
Dungeon (9/15)             Temple (1/1) D:7            Lair (3/5) D:8
  Swamp (0/4) Lair:3
  Snake: Lair:2-3    Spider: Lair:2-3       Orc: D:9-12

Altars:
Ashenzari
Cheibriados
Elyvilon
Fedhas
Gozag
Hepliaklqana
Kikubaaqudgha
Makhleb
Nemelex Xobeh
Okawaru
Qazlal
Ru
Sif Muna
Trog
Uskayaw
Vehumet
Wu Jian
Yredelemnul
Zin
The Shining One

Annotations:
D:3 1 runed translucent door, Crazy Yiuf
Lair:2 2 transporters, Dumidips's ghost, journeyman OpMo


Message History

You can no longer enter into single combat with a foe.
Okawaru will no longer gift you equipment.
The bog body points at you and mumbles some strange words.
The bolt of cold hits you!!
You hit the bog body.
The bog body is lightly damaged.
You hit the cane toad.
The cane toad stings you but does no damage.
The bog body gestures at you while chanting.
The bolt of cold hits you but does no damage.
You barely miss the bog body.
The bog body is lightly damaged.
You slash the cane toad! You block the cane toad's attack.
You hit the cane toad.
The cane toad is heavily wounded.
You hit the bog body. You block the bog body's attack.
You block the cane toad's attack.
You hit the cane toad.
The cane toad is heavily wounded.
You barely miss the bog body. You slash the bog body!
The bog body gestures at you while chanting.
You feel yourself slow down. You block the cane toad's attack.
You closely miss the cane toad.
The cane toad is heavily wounded.
You hit the bog body. You hit the bog body but do no damage.
You block the bog body's attack. You block the cane toad's attack.
The bog body misses you. x2
You hit the cane toad but do no damage.
Lightning courses through the cane toad!
The cane toad is severely wounded.
You slash the bog body! x2
Lightning courses through the bog body!!
You block the cane toad's attack. The bog body touches you!
The bog body freezes you! The bog body closely misses you.
You closely miss the cane toad.
The cane toad is severely wounded.
You completely miss the bog body. You hit the bog body.
The cane toad stings you!
You die...

#### ####..######
#.#........# #........##
. #.........##.. ##
####........#....
..###.##...'.......P..P.
..........##.....}...#
###..#@####P###.P####
##.nFn.#####...#
#..~~7..# #..#.#
#.~~~~~.# #.#### ...7~¤¤
.# #..# ....7~~¤~.# #.##
.... .~¤7. ###.### #...
..!..# #..<.# #..%%.#


You could see 2 bog bodies and a cane toad.

Vanquished Creatures
  A boulder beetle (Lair:1)
  A two-headed ogre (D:9)
  An elephant (D:8)
  2 black mambas (Lair:1)
  3 cane toads (Lair:2)
  An unseen horror (D:8)
  3 kobold demonologists (D:9)
  4 komodo dragons
  2 trolls (D:9)
  2 polar bears
  Prince Ribbit (D:6)
  Sigmund (D:6)
  46 yaks
  4 wyverns
  2 basilisks
  3 steam dragons (D:7)
  10 water moccasins
  4 orc warriors
  2 ice beasts
  3 sky beasts (D:7)
  3 black bears
  An ogre (D:6)
  4 wolves
  4 centaurs
  A phantom (D:6)
  Blork the orc (D:6)
  2 kobold brigands
  4 necrophages
  A gnoll sergeant (D:9)
  7 bullfrogs
  5 scorpions
  A wight (D:6)
  14 killer bees
  2 jellies
  A hound (D:6)
  A gnoll bouda (D:6)
  7 orc wizards
  Robin (D:2)
  14 gnolls
  9 adders
  2 white imps
  An ufetubus (D:5)
  2 worms
  2 dart slugs (D:2)
  29 orcs
  8 ball pythons
  2 bats
  10 endoplasms
  2 giant cockroaches (D:1)
  17 goblins
  14 hobgoblins
  8 kobolds
  A quokka (D:1)
  6 frilled lizards
  8 rats
291 creatures vanquished.

Vanquished Creatures (others)
  An orc priest (D:7)
  A white imp (D:7)
  An orc (D:7)
  A fungus (D:8)
  2 plants
6 creatures vanquished.

Grand Total: 297 creatures vanquished

Notes
Turn   | Place    | Note
-------+----------+-------------------------------------------
     0 | D:1      | qw the Gargoyle Fighter began the quest for the Orb.
     0 | D:1      | Reached XP level 1. HP: 14/14 MP: 1/1
     0 | D:1      | 0 ||| qw: Version: 0.2-a-13-gfc7b4b4
     0 | D:1      | 0 ||| qw: Game counter: 1866
     0 | D:1      | 0 ||| qw: Always use a shield: true
     0 | D:1      | 0 ||| qw: God list: Okawaru
     0 | D:1      | 0 ||| qw: Allow faded altars: false
     0 | D:1      | 0 ||| qw: Do Orc after D:15 true
     0 | D:1      | 0 ||| qw: Do second Lair branch before Depths: true
     0 | D:1      | 0 ||| qw: Lair rune preference: random
     0 | D:1      | 0 ||| qw: Plans: Normal, Zot:1-4, God:TSO, Crypt, Tomb,
                  | Pan, Slime:5, Hells, Abyss, Orb
     0 | D:1      | 0 ||| PLANNING D:1-11
    18 | D:1      | Reached skill level 2 in Axes
    38 | D:1      | Reached XP level 2. HP: 15/19 MP: 2/2
   125 | D:1      | 125 ||| Stepping ~*~*~tactically~*~*~ (stealth).
   128 | D:1      | 128 ||| Stepping ~*~*~tactically~*~*~ (stealth).
   130 | D:1      | 130 ||| Stepping ~*~*~tactically~*~*~ (stealth).
   136 | D:1      | Reached skill level 3 in Axes
   147 | D:1      | 147 ||| Stepping ~*~*~tactically~*~*~ (stealth).
   154 | D:1      | Reached XP level 3. HP: 20/23 MP: 3/3
   154 | D:1      | 154 ||| Stepping ~*~*~tactically~*~*~ (stealth).
   155 | D:1      | 155 ||| Stepping ~*~*~tactically~*~*~ (stealth).
   209 | D:1      | 209 ||| Stepping ~*~*~tactically~*~*~ (stealth).
   479 | D:1      | 479 ||| READING 2 scrolls labelled XYIVE QUETOREPH.
   480 | D:1      | 480 ||| READING 2 scrolls labelled PIKHLU QIYKE.
   481 | D:1      | 481 ||| READING scroll labelled NEBAMU JUMO.
   482 | D:1      | 482 ||| DROPPING scroll of fear.
   508 | D:2      | 508 ||| STAIRDANCE
   510 | D:2      | 510 ||| STAIRDANCE
   698 | D:2      | 698 ||| Stepping ~*~*~tactically~*~*~ (stealth).
   805 | D:2      | 805 ||| Stepping ~*~*~tactically~*~*~ (stealth).
   807 | D:2      | 807 ||| Stepping ~*~*~tactically~*~*~ (stealth).
   824 | D:2      | 824 ||| Stepping ~*~*~tactically~*~*~ (stealth).
   824 | D:2      | Found a faded altar of an unknown god.
   826 | D:2      | 826 ||| Stepping ~*~*~tactically~*~*~ (stealth).
   836 | D:2      | Reached XP level 4. HP: 28/28 MP: 4/4
   837 | D:2      | 837 ||| Stepping ~*~*~tactically~*~*~ (stealth).
   838 | D:2      | 838 ||| Stepping ~*~*~tactically~*~*~ (stealth).
   840 | D:2      | 840 ||| Stepping ~*~*~tactically~*~*~ (stealth).
   864 | D:2      | Noticed Robin
   865 | D:2      | 865 ||| Stepping ~*~*~tactically~*~*~ (hiding).
   869 | D:2      | 869 ||| Stepping ~*~*~tactically~*~*~ (stealth).
   876 | D:2      | Killed Robin
   877 | D:2      | Reached skill level 4 in Axes
  1357 | D:2      | 1357 ||| UPGRADING to +0 helmet.
  1362 | D:2      | 1362 ||| UPGRADING to ring of protection from fire.
  1363 | D:2      | 1363 ||| READING scroll labelled RILUTW ENUN.
  1368 | D:2      | 1368 ||| READING 2 scrolls labelled YHIEHO MIMUC.
  1369 | D:2      | 1369 ||| DROPPING scroll of fog.
  1475 | D:3      | 1475 ||| Stepping ~*~*~tactically~*~*~ (stealth).
  1489 | D:3      | 1489 ||| Stepping ~*~*~tactically~*~*~ (stealth).
  1492 | D:3      | 1492 ||| Stepping ~*~*~tactically~*~*~ (stealth).
  1637 | D:3      | Reached XP level 5. HP: 23/32 MP: 5/5
  1714 | D:3      | 1714 ||| DROPPING +0 mace.
  1818 | D:3      | Found a faded altar of an unknown god.
  1843 | D:3      | Found a hide-covered altar of Uskayaw.
  1901 | D:3      | 1901 ||| Stepping ~*~*~tactically~*~*~ (stealth).
  1906 | D:3      | 1906 ||| Stepping ~*~*~tactically~*~*~ (stealth).
  2051 | D:3      | Found a runed translucent door.
  2052 | D:3      | Noticed Crazy Yiuf
  2208 | D:3      | Reached skill level 5 in Axes
  2390 | D:3      | 2390 ||| READING scroll labelled UCROIPRUIRY.
  2523 | D:4      | Reached XP level 6. HP: 32/39 MP: 6/6
  2581 | D:4      | Noticed a black bear
  2590 | D:4      | Killed a black bear
  2591 | D:4      | Reached skill level 1 in Dodging
  2691 | D:4      | Reached XP level 7. HP: 39/44 MP: 7/7
  2824 | D:4      | Reached skill level 6 in Axes
  3098 | D:4      | Found a snail-covered altar of Cheibriados.
  3194 | D:4      | 3194 ||| UPGRADING to +0 cloak.
  3199 | D:4      | 3199 ||| READING scroll labelled AWASCH VEGAO.
  3200 | D:4      | 3200 ||| READING scroll labelled FARHAVECLUSHRE.
  3201 | D:4      | 3201 ||| DRINKING 2 clear potions.
  3202 | D:4      | 3202 ||| READING 2 scrolls of identify.
  3202 | D:4      | 3202 ||| IDENTIFYING smoky orange potion
  3203 | D:4      | 3203 ||| DROPPING potion of degeneration.
  3204 | D:4      | 3204 ||| DROPPING potion of brilliance.
  3220 | D:4      | 3220 ||| STAIRDANCE
  3243 | D:5      | Entered Level 5 of the Dungeon
  3310 | D:5      | 3310 ||| Stepping ~*~*~tactically~*~*~ (stealth).
  3327 | D:5      | Reached skill level 7 in Axes
  3452 | D:5      | Reached skill level 1 in Throwing
  3677 | D:5      | 3677 ||| UPGRADING to +0 plate armour.
  3687 | D:5      | 3687 ||| DROPPING +0 scale mail.
  3688 | D:5      | 3688 ||| UPGRADING to +2 buckler.
  3698 | D:5      | 3698 ||| DROPPING +0 buckler.
  3699 | D:5      | 3699 ||| UPGRADING to +0 pair of boots.
  3704 | D:5      | 3704 ||| READING scroll labelled QODDONN OQYWOA.
  3705 | D:5      | 3705 ||| READING scroll labelled FAYSHR KATYDAOLI.
  3706 | D:5      | 3706 ||| DRINKING 3 murky puce potions.
  3707 | D:5      | 3707 ||| READING 2 scrolls of identify.
  3707 | D:5      | 3707 ||| IDENTIFYING fizzy brown potion
  3740 | D:6      | Reached XP level 8. HP: 48/48 MP: 8/8
  3767 | D:6      | 3767 ||| Stepping ~*~*~tactically~*~*~ (stealth).
  3880 | D:6      | 3880 ||| Stepping ~*~*~tactically~*~*~ (stealth).
  3881 | D:6      | 3881 ||| Stepping ~*~*~tactically~*~*~ (stealth).
  3888 | D:6      | 3888 ||| Stepping ~*~*~tactically~*~*~ (stealth).
  3889 | D:6      | 3889 ||| Stepping ~*~*~tactically~*~*~ (stealth).
  3898 | D:6      | HP: 7/49 [ogre/+0 giant club (15)]
  3899 | D:6      | 3899 ||| READING scroll of teleportation.
  3900 | D:6      | 3900 ||| DRINKING 2 potions of heal wounds.
  3904 | D:6      | 3904 ||| Stepping ~*~*~tactically~*~*~ (stealth).
  3906 | D:6      | 3906 ||| Stepping ~*~*~tactically~*~*~ (stealth).
  3907 | D:6      | 3907 ||| Stepping ~*~*~tactically~*~*~ (stealth).
  3916 | D:6      | HP: 12/49 [necrophage (5)]
  3917 | D:6      | 3917 ||| DRINKING potion of heal wounds.
  3976 | D:6      | Noticed Sigmund
  3983 | D:6      | 3983 ||| DRINKING potion of curing.
  3983 | D:6      | 3983 ||| (to cure confusion)
  4017 | D:6      | Killed Sigmund
  4164 | D:6      | Noticed Prince Ribbit
  4198 | D:6      | HP: 12/49 [Prince Ribbit (11)]
  4200 | D:6      | Killed Prince Ribbit
  4201 | D:6      | Reached skill level 8 in Axes
  4436 | D:6      | Noticed Blork the orc
  4437 | D:6      | 4437 ||| Stepping ~*~*~tactically~*~*~ (hiding).
  4451 | D:6      | Killed Blork the orc
  4452 | D:6      | Reached skill level 6 in Fighting
  4452 | D:6      | Reached XP level 9. HP: 38/55 MP: 9/9
  4546 | D:6      | Reached skill level 6 in Armour
  4665 | D:6      | 4665 ||| Stepping ~*~*~tactically~*~*~ (hiding).
  4666 | D:6      | 4666 ||| Stepping ~*~*~tactically~*~*~ (hiding).
  4667 | D:6      | 4667 ||| Stepping ~*~*~tactically~*~*~ (hiding).
  4699 | D:6      | 4699 ||| Stepping ~*~*~tactically~*~*~ (hiding).
  4700 | D:6      | 4700 ||| Stepping ~*~*~tactically~*~*~ (hiding).
  4712 | D:6      | Reached skill level 9 in Axes
  5096 | D:6      | 5096 ||| UPGRADING to +1 cloak.
  5106 | D:6      | 5106 ||| DROPPING +0 cloak.
  5107 | D:6      | 5107 ||| DROPPING amulet of faith.
  5108 | D:6      | 5108 ||| UPGRADING to amulet of the acrobat.
  5113 | D:6      | 5113 ||| DROPPING ring of magical power.
  5114 | D:6      | 5114 ||| READING scroll labelled VYM OTEJISHEL.
  5115 | D:6      | 5115 ||| DRINKING 2 grey potions.
  5116 | D:6      | 5116 ||| READING 2 scrolls of identify.
  5116 | D:6      | 5116 ||| IDENTIFYING red potion
  5145 | D:7      | 5145 ||| STAIRDANCE
  5166 | D:7      | 5166 ||| Stepping ~*~*~tactically~*~*~ (hiding).
  5169 | D:7      | 5169 ||| DRINKING potion of curing.
  5169 | D:7      | 5169 ||| (to cure confusion)
  5194 | D:7      | 5194 ||| FLEEEEING.
  5195 | D:7      | 5195 ||| FLEEEEING.
  5196 | D:7      | 5196 ||| FLEEEEING.
  5197 | D:7      | 5197 ||| FLEEEEING.
  5198 | D:7      | 5198 ||| STAIRDANCE
  5323 | D:7      | 5323 ||| DROPPING +0 mace of draining.
  5364 | D:7      | 5364 ||| READING scroll of enchant weapon.
  5364 | D:7      | 5364 ||| ENCHANTING +1 war axe.
  5538 | D:7      | Found a bloodstained altar of Trog.
  5556 | D:7      | 5556 ||| Stepping ~*~*~tactically~*~*~ (hiding).
  5558 | D:7      | 5558 ||| Stepping ~*~*~tactically~*~*~ (hiding).
  5659 | D:7      | Reached skill level 10 in Axes
  5659 | D:7      | Reached XP level 10. HP: 49/63 MP: 10/10
  5826 | D:7      | Found a sparkling altar of Nemelex Xobeh.
  5832 | D:7      | 5832 ||| Stepping ~*~*~tactically~*~*~ (hiding).
  5965 | D:7      | Found a staircase to the Ecumenical Temple.
  5966 | D:7      | 5966 ||| PLANNING TEMPLE
  5966 | D:7      | 5966 ||| UPGRADING to +0 plate armour of fire resistance.
  5976 | D:7      | 5976 ||| DROPPING +0 plate armour.
  5977 | D:7      | 5977 ||| READING scroll labelled ANEKEM UWYU.
  5978 | D:7      | 5978 ||| DRINKING 2 metallic black potions.
  5979 | D:7      | 5979 ||| DROPPING potion of flight.
  5985 | Temple   | Entered the Ecumenical Temple
  6055 | Temple   | 6055 ||| PLANNING OKAWARU WORSHIP
  6272 | Temple   | Became a worshipper of Warmaster Okawaru
  6273 | Temple   | 6273 ||| PLANNING D:1-11
  6830 | D:8      | Found a flagged portal.
  6919 | D:8      | Found a white marble altar of Elyvilon.
  6921 | D:8      | Found a broken altar of Ashenzari.
  6973 | D:8      | 6973 ||| DRINKING potion of curing.
  6973 | D:8      | 6973 ||| (to cure confusion)
  7062 | D:8      | Noticed an elephant
  7066 | D:8      | 7066 ||| Stepping ~*~*~tactically~*~*~ (stealth).
  7069 | D:8      | 7069 ||| Stepping ~*~*~tactically~*~*~ (stealth).
  7085 | D:8      | Killed an elephant
  7085 | D:8      | Reached * piety under Okawaru
  7101 | D:8      | 7101 ||| Stepping ~*~*~tactically~*~*~ (hiding).
  7105 | D:8      | Found a staircase to the Lair.
  7111 | D:8      | Reached skill level 1 in Invocations
  7221 | D:8      | Killed an unseen horror
  7294 | D:8      | 7294 ||| Stepping ~*~*~tactically~*~*~ (stealth).
  7297 | D:8      | 7297 ||| Stepping ~*~*~tactically~*~*~ (stealth).
  7310 | D:8      | Reached skill level 3 in Invocations
  7315 | D:8      | Reached ** piety under Okawaru
  7553 | D:9      | 7553 ||| INVOKING Heroism.
  7678 | D:9      | Found a shimmering blue altar of Sif Muna.
  7848 | D:9      | 7848 ||| INVOKING Heroism.
  7856 | D:9      | Reached skill level 3 in Throwing
  7901 | D:9      | 7901 ||| INVOKING Heroism.
  7903 | D:9      | 7903 ||| Stepping ~*~*~tactically~*~*~ (stealth).
  7911 | D:9      | Reached skill level 11 in Axes
  7911 | D:9      | Reached XP level 11. HP: 68/68 MP: 12/14
  7912 | D:9      | 7912 ||| Stepping ~*~*~tactically~*~*~ (stealth).
  7926 | D:9      | Reached *** piety under Okawaru
  7980 | D:9      | 7980 ||| Stepping ~*~*~tactically~*~*~ (stealth).
  7983 | D:9      | 7983 ||| INVOKING Heroism.
  8093 | D:9      | 8093 ||| INVOKING Heroism.
  8095 | D:9      | 8095 ||| Stepping ~*~*~tactically~*~*~ (stealth).
  8096 | D:9      | 8096 ||| Stepping ~*~*~tactically~*~*~ (hiding).
  8102 | D:9      | Noticed a soul eater
  8118 | D:9      | Reached skill level 9 in Fighting
  8320 | D:9      | Noticed a two-headed ogre
  8321 | D:9      | 8321 ||| INVOKING Heroism.
  8328 | D:9      | Killed a two-headed ogre
  8471 | D:9      | 8471 ||| DRINKING 2 bubbling emerald potions.
  8535 | D:8      | 8535 ||| INVOKING Heroism.
  8544 | D:8      | 8544 ||| DRINKING 2 potions of cancellation.
  8548 | D:8      | 8548 ||| DRINKING potion of cancellation.
  8553 | D:8      | 8553 ||| READING scroll of teleportation.
  8697 | D:8      | 8697 ||| PLANNING LAIR
  8735 | Lair:1   | Entered Level 1 of the Lair of Beasts
  8736 | Lair:1   | 8736 ||| INVOKING Heroism.
  8747 | Lair:1   | Reached skill level 12 in Axes
  8750 | Lair:1   | Reached **** piety under Okawaru
  8956 | Lair:1   | 8956 ||| INVOKING Heroism.
  9071 | Lair:1   | 9071 ||| INVOKING Heroism.
  9085 | Lair:1   | Reached skill level 9 in Armour
  9094 | Lair:1   | Received a gift from Okawaru
  9095 | Lair:1   | HP: 15/71 [yak (7)]
  9096 | Lair:1   | 9096 ||| READING scroll of teleportation.
  9096 | Lair:1   | HP: 6/71 [yak (9)]
  9107 | Lair:1   | 9107 ||| INVOKING Heroism.
  9111 | Lair:1   | Reached ***** piety under Okawaru
  9112 | Lair:1   | Reached skill level 6 in Shields
  9112 | Lair:1   | Reached skill level 6 in Invocations
  9368 | Lair:1   | Reached XP level 12. HP: 76/76 MP: 16/16
  9534 | Lair:1   | Noticed a boulder beetle
  9535 | Lair:1   | 9535 ||| INVOKING Heroism.
  9536 | Lair:1   | 9536 ||| INVOKING Finesse.
  9564 | Lair:1   | Killed a boulder beetle
  9705 | Lair:1   | 9705 ||| Stepping ~*~*~tactically~*~*~ (stealth).
  9707 | Lair:1   | 9707 ||| INVOKING Heroism.
  9720 | Lair:1   | Identified the +2 scale mail "Wylliyph" {+Inv} (Okawaru
                  | gifted it to you on level 1 of the Lair of Beasts)
  9720 | Lair:1   | Received a gift from Okawaru
 10052 | Lair:1   | 10052 ||| UPGRADING to +0 pair of gloves.
 10057 | Lair:1   | 10057 ||| UPGRADING to amulet of reflection.
 10067 | Lair:1   | 10067 ||| DROPPING amulet of the acrobat.
 10068 | Lair:1   | 10068 ||| UPGRADING to +6 ring of dexterity.
 10069 | Lair:1   | 10069 ||| READING scroll labelled RIMIEZ YDOSHRY.
 10105 | Lair:2   | 10105 ||| INVOKING Heroism.
 10247 | Lair:2   | 10247 ||| Stepping ~*~*~tactically~*~*~ (stealth).
 10248 | Lair:2   | 10248 ||| INVOKING Heroism.
 10291 | Lair:2   | Found a transporter.
 10295 | Lair:2   | 10295 ||| INVOKING Heroism.
 10301 | Lair:2   | 10301 ||| Stepping ~*~*~tactically~*~*~ (stealth).
 10315 | Lair:2   | Reached skill level 3 in Dodging
 10397 | Lair:2   | Found a bloodstained altar of Trog.
 10406 | Lair:2   | Found a transporter.
 10406 | Lair:2   | Noticed Dumidips's ghost (journeyman OpMo)
 10448 | Lair:2   | 10448 ||| INVOKING Heroism.
 10826 | Lair:2   | 10826 ||| INVOKING Heroism.
 11132 | Lair:2   | 11132 ||| INVOKING Heroism.
 11303 | Lair:2   | 11303 ||| UPGRADING to +4 ring of evasion.
 11373 | Lair:3   | 11373 ||| STAIRDANCE
 11377 | Lair:2   | Reached skill level 9 in Invocations
 11379 | Lair:3   | 11379 ||| INVOKING Heroism.
 11416 | Lair:3   | Found a staircase to the Swamp.
 11417 | Lair:3   | 11417 ||| Stepping ~*~*~tactically~*~*~ (hiding).
 11421 | Lair:3   | 11421 ||| INVOKING Heroism.
 11427 | Lair:3   | HP: 4/77 [bog body (16)]
 11428 | Lair:3   | Slain by a cane toad

Levels and vault maps discovered:
D:1:      saegor_arrival_miasma, layout_rooms
D:2:      layout_basic, hellmonk_ecumenical_altar_crossroads,
          lemuel_flame_loot_1, uniq_robin
D:3:      layout_basic, nicolae_overflow_ecumenical_swirl,
          uniq_crazy_yiuf_cottage
D:4:      layout_rooms, mainiacjoe_overflow_catwalk, kennysheep_generic_room_13
D:5:      layout_rooms
D:6:      minmay_octagon_keep, layout_basic, kennysheep_flooded_box,
          fountainhead, uniq_blork_the_orc, uniq_sigmund, uniq_prince_ribbit1
D:7:      layout_cave_pools, marbit_many_paths, mainiacjoe_overflow_brackets,
          minmay_temple_entry_fiery, hangedman_misty_isle
D:8:      cheibrodos_iron_armory, layout_loops_ring, grunt_temple_overflow_open,
          david_lair_generic, enter_bailey_7, grunt_decor_resistance
D:9:      layout_roguey, mainiacjoe_overflow_small_starburst
Temple:   oiseaux_autumnal_temple
Lair:1:   layout_regular_city, serial_bayou_lagoon_b
Lair:2:   layout_cave_pods, gammafunk_ghost_wrathful_warriors,
          nicolae_volcano_entry_hallway, chequers_serial_rivers_large_b
Lair:3:   layout_roguey, skrybe_swamp_entry_bodies,
          minmay_snake_entry_six_corridors, serial_bayou, serial_bayou_pond_c,
          serial_bayou_pond_c, serial_bayou_pond_e, serial_bayou_pond_e,
          basic_altar, uniq_fannar

Skill      XL: |  1  2  3  4  5  6  7  8  9 10 11 12 |
---------------+-------------------------------------+-----
Axes           | 2 3 4 5 7 8 10 11 12 | 12.0
Fighting       | 4 6 7 8 9 10 | 10.0
Dodging        | 1 2 3 |  3.0
Throwing       | 1 3 |  3.3
Armour         | 5 6 7 9 10 | 10.0
Shields        | 4 5 6 |  6.0
Invocations    | 4 6 9 |  9.1

Action                   |  1- 3 |  4- 6 |  7- 9 | 10-12 || total
-------------------------+-------+-------+-------+-------++-------
Melee: War axe           |    95 |   143 |   346 |   576 ||  1160
Throw: Boomerang         |       |       |    13 |    29 ||    42
       Javelin           |       |       |       |    26 ||    26
Invok: Heroism           |       |       |       |    21 ||    21
       Finesse           |       |       |       |     1 ||     1
  Use: Scroll            |     3 |     3 |    10 |     4 ||    20
       Potion            |       |       |     7 |     5 ||    12
Armor: Scale mail        |    50 |    83 |    48 |       ||   181
       Plate armour      |       |       |   220 |   341 ||   561
Dodge: Dodged            |    29 |    60 |   128 |   176 ||   393
Block: Buckler           |    14 |    28 |    92 |   223 ||   357

Table legend:
 A = Non-vault XP
 B = Vault XP
 C = Vault XP percentage of total XP
 D = Non-vault monster count
 E = Vault monster count
 F = Vault count percentage of total count
                 A         B        C        D         E       F
            +---------+---------+-------+---------+---------+-------
      Total |   24180 |    3815 |  13.6 |     248 |      44 |  15.1
            +---------+---------+-------+---------+---------+-------
        D:1 |      49 |       0 |   0.0 |      28 |       0 |   0.0
        D:2 |      36 |      35 |  49.3 |      12 |      11 |  47.8
        D:3 |     124 |       0 |   0.0 |      25 |       0 |   0.0
        D:4 |     655 |       0 |   0.0 |      19 |       0 |   0.0
        D:5 |     231 |       0 |   0.0 |       9 |       0 |   0.0
        D:6 |     913 |    1351 |  59.7 |      23 |      15 |  39.5
        D:7 |     585 |     853 |  59.3 |      13 |       6 |  31.6
        D:8 |    2027 |    1289 |  38.9 |      27 |      10 |  27.0
        D:9 |    5672 |       0 |   0.0 |      32 |       0 |   0.0
     Lair:1 |    7188 |       0 |   0.0 |      31 |       0 |   0.0
     Lair:2 |    6469 |       0 |   0.0 |      27 |       0 |   0.0
     Lair:3 |     231 |     287 |  55.4 |       2 |       2 |  50.0
            +---------+---------+-------+---------+---------+-------
